 Dungeon Crawl Stone Soup version 0.30.0-10-gfe55d96785 (webtiles) character file.

Game seed: 10528710107471070381

338 PoweredByGinger the Cleaver (level 6, -3/79 HPs)
             Began as a Minotaur Berserker on May 15, 2023.
             Was a Priest of Trog.
             Slain by a scorpion (6 damage)
             ... on level 4 of the Dungeon.
             The game lasted 00:03:32 (2997 turns).

PoweredByGinger the Cleaver (Minotaur Berserker)    Turns: 2997, Time: 00:03:33

Health: -3/79      AC: 23    Str: 23    XL:     6   Next: 29%
Magic:  5/5        EV:  2    Int:  4    God:    Trog [***...]
Gold:   125        SH:  0    Dex: 10    Spells: 5/5 levels left

rFire   . . .        a - +0 hand axe
rCold   . . .        (no shield)
rNeg    . . .        s - melded +0 plate armour
rPois   +            (helmet currently unavailable)
rElec   .            (cloak currently unavailable)
rCorr   .            (gloves currently unavailable)
SInv    .            (boots currently unavailable)
Will    .....        (no amulet)
Stlth   +            (no ring)
HPRegen 0.33/turn    (no ring)
MPRegen 0.09/turn

%: no passive effects
@: lethally poisoned (-3 -> -9), tree-form, attractive, hasted, very quick
A: stationary, stasis, torment immunity, boosted hp, (horns 2), (retaliatory
headbutt)
a: Renounce Religion, Berserk, Trog's Hand


You were on level 4 of the Dungeon.
You worshipped Trog.
Trog was most pleased with you.
You were a tree.
You visited 1 branch of the dungeon, and saw 4 of its levels.

You collected 125 gold pieces.

Inventory:

Hand Weapons
 a - a +0 hand axe (weapon)
Missiles
 m - 5 poisoned darts (quivered)
Armour
 b - a +0 animal skin
 s - a +0 plate armour (melded)
Jewellery
 d - an amulet of magic regeneration
 h - an amulet of regeneration
Scrolls
 c - a scroll of brand weapon {unknown}
 g - 2 scrolls of poison
 i - 2 scrolls of amnesia {unknown}
 j - 2 scrolls of identify {unknown}
 k - 2 scrolls of teleportation {unknown}
 n - a scroll of magic mapping {unknown}
 o - 3 scrolls of enchant armour {unknown}
 r - a scroll of fear {unknown}
Potions
 l - a potion of haste
 p - a potion of attraction
 q - a potion of invisibility {unknown}


   Skills:
 + Level 4.7 Fighting
 + Level 8.0 Axes
 - Level 2.4 Armour
 - Level 2.1 Dodging


You had 5 spell levels left.
You didn't know any spells.
Your spell library was empty.

Dungeon Overview and Level Annotations

Branches:
Dungeon (4/15)
 Temple: D:4-7

Altars:
Ashenzari


Innate Abilities, Weirdness & Mutations

You are a tree.
Your roots penetrate the ground, keeping you stationary.
You cannot be teleported.
You are immune to unholy pain and torment.
Your maximum health is greatly increased.
Your equipment is partially melded.
((You have a pair of horns on your head.))
((You reflexively headbutt those who attack you in melee.))


Message History

The scorpion is severely wounded.
You feel sick.
The scorpion stings you but does no damage. x2
You barely miss the scorpion. Your headbutt misses the scorpion.
The scorpion is severely wounded.
You feel sick.
The scorpion stings you but does no damage.
You barely miss the scorpion.
The scorpion is severely wounded.
You feel sick. The scorpion stings you.
You closely miss the scorpion.
The scorpion is severely wounded.
You feel sick. The scorpion closely misses you.
You barely miss the scorpion.
You headbutt the scorpion, but do no damage.
The scorpion is severely wounded.
The scorpion stings you.
* * * LOW HITPOINT WARNING * * *
You are lethally poisoned!
The scorpion poisons you!
It was a potion of haste.
You feel yourself speed up.
* * * LOW HITPOINT WARNING * * *
You feel very sick. The scorpion stings you.
* * * LOW HITPOINT WARNING * * *
It was a potion of attraction.
You feel attractive to monsters.
* * * LOW HITPOINT WARNING * * *
You feel sick. The scorpion stings you.
* * * LOW HITPOINT WARNING * * *
It was a potion of magic.
Magic courses through your body.
* * * LOW HITPOINT WARNING * * *
You feel sick.
The scorpion stings you but does no damage.
It was a potion of lignification.
You turn into a tree.
Your +0 plate armour melds into your body.
Your roots penetrate the ground.
* * * LOW HITPOINT WARNING * * *
You feel sick. The scorpion stings you.
You die...

.# ##............ .#
............. .## #
#............ ..##..
#............ ......
#...........# ......
#...........#
.......
#....s......#
........##
#....♣....#.#
.........#
##..))†.....#
.........#
#..)....#..#
.........#
##.)........
.........##
##.....####.
..........###....###
..............####
..)........####
.........<##


You could see a scorpion.

Vanquished Creatures
  An ogre (D:3)
  An orc priest (D:3)
  Terence (D:3)
  An orc wizard (D:4)
  3 gnolls (D:3)
  3 adders
  2 worms (D:2)
  A dart slug (D:3)
  9 orcs
  7 ball pythons
  9 endoplasms
  4 giant cockroaches
  10 goblins
  7 hobgoblins
  6 jackals
  13 kobolds
  3 quokkas
  10 bats
  3 frilled lizards
  5 rats
99 creatures vanquished.

Notes
Turn   | Place    | Note
-------+----------+-------------------------------------------
     0 | D:1      | PoweredByGinger the Minotaur Berserker began the quest for
                  | the Orb.
     0 | D:1      | Reached XP level 1. HP: 19/19 MP: 0/0
    85 | D:1      | Reached skill level 4 in Axes
    94 | D:1      | Reached XP level 2. HP: 7/26 MP: 1/1
    99 | D:1      | HP: 1/26 [hobgoblin (3)]
   127 | D:1      | HP: 1/26 [goblin/+0 club (4)]
   360 | D:1      | Reached skill level 5 in Axes
   385 | D:1      | Reached ** piety under Trog
   427 | D:1      | Reached XP level 3. HP: 23/31 MP: 2/2
  1055 | D:2      | Identified the +6 dagger of the Cursing Seer {flame, rF++
                  | Str+4 Int+4}
  1232 | D:2      | Reached skill level 6 in Axes
  1232 | D:2      | Reached XP level 4. HP: 39/39 MP: 3/3
  1952 | D:3      | Found a faded altar of an unknown god.
  1992 | D:3      | Noticed an ogre
  2000 | D:3      | Killed an ogre
  2001 | D:3      | Reached skill level 7 in Axes
  2001 | D:3      | Reached XP level 5. HP: 45/45 MP: 4/4
  2247 | D:3      | Noticed Terence
  2259 | D:3      | Reached XP level 6. HP: 23/53 MP: 5/5
  2260 | D:3      | Killed Terence
  2407 | D:3      | Reached *** piety under Trog
  2706 | D:3      | Found a broken altar of Ashenzari.
  2970 | D:4      | Reached skill level 8 in Axes
  2997 | D:4      | HP: 3/79 [poisoned by a scorpion]
  2997 | D:4      | Slain by a scorpion

Illustrated notes

Levels and vault maps discovered:
D:1:      sevenhm_arrival_forest_fort_small_4, layout_rooms
D:2:      layout_loops_corners, minmay_shallow_snake_nest
D:3:      layout_loops_ring, mainiacjoe_overflow_alcove_1,
          nicolae_ecumenical_oubliette, minmay_box_of_dots, uniq_terence
D:4:      layout_cave_pods, cheibrodos_sewer_entry_sluice

Skill      XL: |  1  2  3  4  5  6 |
---------------+-------------------+-----
Axes           | 4 5 6 7 8 |  8.0
Fighting       | 4 |  4.7
Armour         | |  2.4
Dodging        | |  2.1

Action                     |  1- 3 |  4- 6 || total
---------------------------+-------+-------++-------
  Melee: Hand axe          |   101 |   129 ||   230
         Headbutt          |    11 |    17 ||    28
         Punch             |       |     2 ||     2
 Invoke: Berserk           |       |     2 ||     2
    Use: Potion            |       |     4 ||     4
         Scroll            |       |     1 ||     1
   Stab: Sleeping          |     1 |     1 ||     2
 Armour: Animal skin       |    16 |    13 ||    29
         Plate armour      |       |    17 ||    17
  Dodge: Dodged            |    71 |    61 ||   132
